 Dungeon Crawl Stone Soup version 0.19-a0-458-gfd99d95 (webtiles) character file.

3215 Ryco the Cleaver (level 9, 0/85 HPs)
             Began as a Deep Dwarf Fighter on June 2, 2016.
             Was a Follower of Makhleb.
             Slain by Grum
             ... wielding a +1 spear
              (4 damage)
             ... on level 8 of the Dungeon.
             The game lasted 00:29:03 (3322 turns).

Ryco the Cleaver (Deep Dwarf Fighter)               Turns: 3322, Time: 00:29:04

Health: 0/85       AC: 15    Str: 23    XL:     9   Next: 65%
Magic:  6/6        EV:  6    Int:  9    God:    Makhleb [*.....]
Gold:   258        SH:  9    Dex: 12    Spells: 0 memorised, 8 levels left

rFire  . . .     SeeInvis .     a - +0 broad axe
rCold  . . .     Gourm    .     t - +0 plate armour
rNeg   . . .     Faith    .     c - +0 shield
rPois  .         Spirit   .     (no helmet)
rElec  .         Dismiss  .     C - +1 cloak (curse)
rCorr  .         Reflect  .     (no gloves)
SustAt .         Harm     .     (no boots)
MR     +....                    (no amulet)
Stlth  ..........               (no ring)
                                (no ring)

@: starving, non-regenerating, somewhat resistant to hostile enchantments,
extremely unstealthy
A: damage resistance, recharge devices, sense surroundings 2, slow regeneration
3
a: Device Recharging, Renounce Religion


You were on level 8 of the Dungeon.
You worshipped Makhleb.
Makhleb was aware of your devotion.
You were starving.

You visited 2 branches of the dungeon, and saw 9 of its levels.

You collected 258 gold pieces.

Inventory:

Hand Weapons
 a - a +0 broad axe (weapon)
 n - a +5 flail of protection
Missiles
 w - 6 javelins (quivered)
Armour
 c - a +0 shield (worn)
 t - a +0 plate armour (worn)
 C - a cursed +1 cloak (worn)
Wands
 e - a wand of heal wounds (3/9)
 r - a wand of lightning (10/15)
 B - a wand of teleportation (3/9)
 G - a wand of disintegration (12/24)
 H - a wand of flame (15/48)
 I - a wand of digging (9/24)
Scrolls
 d - a scroll of amnesia {unknown}
 g - 4 scrolls of enchant armour
 k - a scroll of fear {unknown}
 m - 5 scrolls of teleportation
 o - a scroll of fog {unknown}
 p - 2 scrolls of remove curse
 q - a scroll of noise {unknown}
 v - a scroll of enchant weapon {unknown}
 x - a scroll of immolation {unknown}
 y - a scroll of blinking {unknown}
 A - a scroll of random uselessness {unknown}
Potions
 h - 6 potions of curing
 j - a potion of invisibility
 l - 2 potions of brilliance
 s - a potion of flight
 u - a potion of magic {unknown}
 z - 2 potions of agility {unknown}
 F - 4 potions of mutation {unknown}
Books
 E - the Tome of Bewitchment and Changing
   (You found it on level 7 of the Dungeon)

   Spells                             Type                      Level
   a - Inner Flame                    Hexes/Fire                   3
   b - Confuse                        Hexes                        3
   c - Spider Form                    Transmutation/Poison         3
   d - Fulminant Prism                Conjuration/Hexes            4
   e - Leda's Liquefaction            Hexes/Earth                  4
Comestibles
 b - 2 meat rations
 f - 3 bread rations


   Skills:
 + Level 6.4 Fighting
 * Level 10.1 Axes
 + Level 7.4 Armour
 + Level 5.0 Dodging
 - Level 3.2 Shields
 + Level 2.6 Evocations


You had 8 spell levels left.
You didn't know any spells.

Dungeon Overview and Level Annotations

Branches:
Dungeon (8/15)             Temple (1/1) D:4
   Lair: D:8-11

Altars:
Cheibriados
Dithmenos
Elyvilon
Fedhas
Hepliaklqana
Makhleb
Nemelex Xobeh
Pakellas
Ru
Sif Muna
Vehumet
Xom
Yredelemnul
The Shining One

Shops:
D:4 }

Annotations:
D:8 Grum


Innate Abilities, Weirdness & Mutations

You are resistant to damage.
You can recharge devices by infusing magical energy.
You passively map the area around you.
You do not regenerate naturally.


Message History

Grum hits you from afar with an enchanted spear!
* * * LOW HITPOINT WARNING * * *
You block the hungry ghost's attack.
Unknown command.
You miss the hungry ghost.
The hungry ghost is almost destroyed.
Grum hits you from afar with an enchanted spear!
* * * LOW HITPOINT WARNING * * *
The hungry ghost hits you.
You feel somewhat more hungry. You block Grum's attack.
You slice the hungry ghost!!
You destroy the hungry ghost!
Makhleb accepts your kill.
Your Axes skill increases to level 10!
Your Dodging skill increases to level 5!
Grum hits you but does no damage.
Unknown command.
Grum points his finger and barks, "Attack!"
Grum hits you with an enchanted spear.
You die...

, * * * * , ## * * **
#!,, , * ######.#### *
,, , ........@.# ,#, , *
* ######.##g####.# , * *
* #.............. * , *
#.##.#.........# # ,.,
#.*#.#..####.#.#.# ,
#.##.##.#<......#.#.# ,
....................# *
,
*#..#.#..............##*
,,..$...................
, ,


You could see Grum.

Vanquished Creatures
  The ghost of fuyune the Ruffian, an amateur TrMo (D:4)
  A hungry ghost (D:8)
  Edmund (D:4)
  Menkaure (D:4)
  2 orc warriors
  A black bear (D:7)
  An ice beast (D:5)
  2 phantoms
  4 wolves (D:7)
  2 ogres (D:5)
  2 centaurs
  The ghost of Senshi the Insei, an amateur OpTm (D:3)
  2 giant frogs (D:6)
  A gnoll sergeant (D:6)
  A water moccasin zombie (D:5)
  A scorpion (D:4)
  6 crimson imps
  A giant frog zombie (D:5)
  2 orc priests
  3 hounds
  10 orc wizards
  An iron imp (D:4)
  2 iguanas
  4 worker ants
  A howler monkey skeleton (D:7)
  4 gnolls
  7 adders
  A shadow imp (D:6)
  An ooze (D:6)
  An adder skeleton (D:4)
  7 worms
  4 dart slugs
  3 giant geckos
  30 orcs
  2 giant cockroaches
  6 hobgoblins
  19 jackals
  7 kobolds
  6 quokkas
  A ball python (D:2)
  6 bats
  4 giant newts
  2 goblins (D:2)
  A quokka skeleton (D:8)
  6 rats
172 creatures vanquished.

Notes
Turn   | Place    | Note
--------------------------------------------------------------
     0 | D:1      | Ryco the Deep Dwarf Fighter began the quest for the Orb.
     0 | D:1      | Reached XP level 1. HP: 20/20 MP: 1/1
    38 | D:1      | Reached XP level 2. HP: 16/28 MP: 2/2
   118 | D:3      | Found a sparkling altar of Nemelex Xobeh.
   138 | D:3      | Reached XP level 3. HP: 19/34 MP: 3/3
   207 | D:3      | Noticed Senshi's ghost (amateur OpTm)
   226 | D:3      | Killed Senshi's ghost
   226 | D:3      | Reached skill level 3 in Axes
   226 | D:3      | Reached skill level 1 in Dodging
   226 | D:3      | Reached XP level 4. HP: 42/42 MP: 4/4
   253 | D:4      | Found a shimmering altar of Xom.
   267 | D:4      | Reached XP level 5. HP: 43/49 MP: 5/5
   306 | D:4      | Reached skill level 4 in Axes
   331 | D:4      | Noticed fuyune's ghost (amateur TrMo)
   352 | D:4      | Found a deep blue altar of Sif Muna.
   369 | D:4      | Noticed Edmund
   370 | D:4      | Found a staircase to the Ecumenical Temple.
   379 | Temple   | Entered the Ecumenical Temple
   414 | D:4      | Killed Edmund
   414 | D:4      | Reached skill level 1 in Evocations
   414 | D:4      | Reached XP level 6. HP: 33/57 MP: 6/6
   420 | D:4      | Killed fuyune's ghost
   420 | D:4      | Reached skill level 5 in Axes
   420 | D:4      | Reached skill level 5 in Armour
   451 | D:4      | Reached XP level 7. HP: 33/64 MP: 7/7
   554 | D:4      | Noticed Menkaure
   575 | D:4      | Killed Menkaure
   593 | D:4      | Found Zaji's Gadget Shoppe.
   647 | D:4      | Found a snail-covered altar of Cheibriados.
   690 | D:4      | Reached skill level 6 in Axes
  1214 | D:2      | Found a blossoming altar of Fedhas.
  1745 | D:4      | You fall through a shaft!
  1745 | D:5      | Entered Level 5 of the Dungeon
  1766 | D:5      | Reached XP level 8. HP: 31/73 MP: 7/7
  1777 | D:5      | Reached skill level 7 in Axes
  2071 | D:6      | Reached skill level 5 in Fighting
  2225 | D:7      | Reached skill level 8 in Axes
  2368 | D:8      | Noticed a two-headed ogre
  2370 | D:8      | Noticed Grum
  2391 | D:7      | Gained mutation: You passively map the area around you. [Deep Dwarf growth]
  2391 | D:7      | Reached XP level 9. HP: 29/81 MP: 6/6
  2419 | D:7      | Identified the Tome of Bewitchment and Changing
  2529 | D:7      | Found a burning altar of Makhleb.
  2539 | D:7      | Became a worshipper of Makhleb the Destroyer
  2627 | D:6      | Reached skill level 9 in Axes
  2718 | D:6      | Found a sparkling altar of Nemelex Xobeh.
  2902 | D:5      | Reached * piety under Makhleb
  3320 | D:8      | HP: 4/82 [Grum/enchanted spear (13)]
  3321 | D:8      | Reached skill level 10 in Axes
  3321 | D:8      | Reached skill level 5 in Dodging
  3322 | D:8      | Slain by Grum

Vault maps used:
D:1:      evilmike_arrival_fibonacci_small
D:2:      lemuel_crystal_altar
D:3:      first_bread, hangedman_decor_clover_reticule,
          nemelex_xobeh_ov_fountains_minmay
D:4:      overflow_temple_1_default, led_xom_imps, minmay_temple_entry_glass,
          serial_shops, shop, chei_slow_surprise, uniq_menkaure, uniq_edmund
D:5:      serial_bayou_pond_a, grunt_ministairs_14, uniq_crazy_yiuf_cottage
D:6:      lemuel_doored_altar, nicolae_overflow_hidden_temple, uniq_grinder,
          uniq_duvessa
D:7:      kennysheep_mini
D:8:      lemuel_crystal_altar, kennysheep_little_box,
          okawaru_ov_weapons_minmay, hangedman_little_slice_of_home, uniq_grum
Temple:   nicolae_temple_no_exploring_needed

Skill      XL: |  1  2  3  4  5  6  7  8  9 |
---------------+----------------------------+-----
Fighting       | 3 4 5 6 |  6.4
Axes           | 3 4 5 6 8 10 | 10.1
Armour         | 4 5 6 7 |  7.4
Dodging        | 1 2 3 4 5 |  5.0
Evocations     | 1 2 |  2.6
Shields        | |  3.2

Action                   |  1- 3 |  4- 6 |  7- 9 || total
-------------------------+-------+-------+-------++-------
Melee: War axe           |    54 |    82 |   426 ||   562
       Broad axe         |       |       |   214 ||   214
 Abil: Device Recharging |       |       |     5 ||     5
Evoke: Wand              |     2 |     2 |    14 ||    18
  Use: Potion            |       |     1 |     1 ||     2
       Scroll            |       |       |    10 ||    10
  Eat: Chunk             |       |       |     8 ||     8
       Beef jerky        |       |       |     2 ||     2
       Bread ration      |       |       |     1 ||     1
Armor: Scale mail        |    32 |    31 |    30 ||    93
       Chain mail        |       |       |    62 ||    62
       Plate armour      |       |       |   327 ||   327
Dodge: Dodged            |    18 |    30 |   190 ||   238
Block: Shield            |    34 |    43 |   385 ||   462
